Workbook

Sheet Feuil1
A1: CLIENT | D1: PERIODE
F2: DATE
A3: TTC Annuel | J3: 0.2
E4: 20 | F4: 5.5 | G4: 10 | H4: 7 | I4: 19.6 | J4: achat intra CEE
B5: TTC | C5: HT | E5: TTC | K5: =J5*J3 -> 0
A6: Ventes 707 | E6: =D6 -> 0
A7: Epicerie 5,5% | F7: =IF(D7,D7) -> FALSE
A8: Carte Tél 20% | E8: =IF(D8,D8) -> FALSE
A9: Boissons 5,5% | F9: =IF(D9,D9) -> FALSE
A10: Livres 5,5% | F10: =IF(D10,D10) -> FALSE
A11: Ventes Div 20% | E11: =IF(D11,D11) -> FALSE
A12: Alcool 20% | E12: =IF(D12,D12) -> FALSE
A13: Entretient 20% | E13: =D13 -> 0
A14: Divers 20% | E14: =D14 -> 0
A15: Copie 20% | E15: =D15 -> 0
A16: Pain 5,5% | F16: =D16 -> 0
A17: Ventes HT 20% | E17: =B17 -> 0
A18: Ventes HT 10% | G18: =B18 -> 0
A19: Ventes HT 7% | B19: 0 | M19: ;=si((B19;B19;B19/1,07)*OU(C19;C19*1,07;0))
A20: Ventes HT 19,6% | I20: =B20 -> 0
A21: Ventes HT 5,5% | F21: =D21 -> 0
A22: Com SMD 10% | G22: =D22 -> 0
A23: Com CAT Diff 10% R52
E25: 0.2 | F25: 0.055 | G25: 0.1 | H25: 0.07 | I25: 0.196 | J25: TOTAL
C26: TTC | E26: =SUM(E6:E23) -> 0 | F26: =SUM(F6:F23) -> 0 | G26: =SUM(G6:G23) -> 0 | H26: =SUM(H6:H23) -> 0 | I26: =SUM(I6:I23) -> 0 | J26: =SUM(E26:G26) -> 0
C27: HT | E27: =E26/(1+E4/100) -> 0 | F27: =F26/(1+F4/100) -> 0 | G27: =G26/(1+G4/100) -> 0 | H27: =H26/1.07 -> 0 | I27: =I26/1.196 -> 0 | J27: =SUM(E27:G27) -> 0
C28: TVA | E28: =E27*20% -> 0 | F28: =F27*5.5% -> 0 | G28: =G27*10% -> 0 | H28: =H27*7% -> 0 | I28: =I27*19.6% -> 0 | J28: =SUM(E28:G28) -> 0
C29: HT + ACHAT CEE | E29: =E27+J5 -> 0
C30: TVA + TVA intra CEE | E30: =E28+K5 -> 0 | F30: =F26-F27 -> 0 | G30: =G26-G27 -> 0 | J30: =J26-J27 -> 0

Sheet reccap CA3 trim
A1: MOIS | B1: Chiffre d'affaires (bases) | K1: TVA COLLECTEE TELEPHONE | L1: TVA COLLECTEE CEE INCLUS | N1: TVA DEDUCTIBLE | R1: REPORT CREDIT ANTERIEUR | S1: A PAYER | T1: A REPORTER
B2: TAUX 20% | C2: TAUX 5,5% | D2: TAUX 10% | E2: 0.07 | F2: 0.196 | G2: AUTRE OPERATION IMPOSABLE | H2: CEE | I2: TOTAL HT | J2: TVA COLLECTEE | M2: OPERATION NON IMPOSABLE | N2: IMMOS | O2: INTRACOM | P2: AUTRES BIENS ET SERVICES AVEC CEE | Q2: TOTAL
A3: 1er trimestre | B3: 1446 | D3: 995 | E3: 2062.72 | F3: 2338.99 | I3: =SUM(B3:F3) -> 6842.71 | J3: 992 | P3: 473 | Q3: =SUM(N3:P3) -> 473 | S3: =IF(J3>Q3,J3-Q3,0) -> 519 | T3: =IF(Q3>J3,J3-Q3,0) -> 0
A4: 2 ième trimestre | I4: =SUM(B4:F4) -> 0 | R4: =T3 -> 0 | S4: =IF(J4>Q4,J4-Q4,0) -> 0 | T4: =IF(Q4>J4,J4-Q4,0) -> 0
A5: 3 ième trimestre | I5: =SUM(B5:F5) -> 0 | R5: =T4 -> 0 | S5: =J5-Q5 -> 0 | T5: =IF(Q5>J5,J5-Q5,0) -> 0
A6: total 1,2,3 trimestres | B6: =B3+B4+B5 -> 1446 | C6: =C3+C4+C5 -> 0 | D6: =D3+D4+D5 -> 995 | E6: =E3+E4+E5 -> 2062.72 | F6: =F3+F4+F5 -> 2338.99 | H6: =H3+H4+H5 -> 0 | I6: =SUM(B6:F6) -> 6842.71 | J6: =SUM(J3:J5) -> 992 | K6: =K5+K4+K3 -> 0 | M6: =M3+M4+M5 -> 0 | N6: =N5+N4+N3 -> 0 | P6: =P5+P4+P3 -> 473 | Q6: =SUM(N6:P6) -> 473 | S6: =SUM(S3:S5) -> 519
A7: 4 ième trimestre facturation | B7: =B9-B6 -> -1446 | C7: =C9-C6 -> 0 | D7: =D9-D6 -> -995 | E7: =E9-E6 -> -2062.72 | F7: =F9-F6 -> -2338.99 | I7: =SUM(B7:F7) -> -6842.71 | Q7: =SUM(N7:P7) -> 0 | R7: =T5 -> 0 | S7: =J7-Q7 -> 0 | T7: =IF(Q7>J7,J7-Q7,0) -> 0
A9: TOTAL COMPTA. | B9: =Feuil1!E27 -> 0 | C9: =Feuil1!F27 -> 0 | D9: =Feuil1!G27 -> 0 | E9: =Feuil1!H27 -> 0 | F9: =Feuil1!I27 -> 0 | H9: =H3+H4+H5+H7 -> 0 | I9: =SUM(B9:F9) -> 0 | K9: =K7+K5+K4+K3 -> 0 | L9: =L7+L5+L4+L3 -> 0 | M9: =M3+M4+M5+M7 -> 0 | N9: =N3+N4+N5+N7 -> 0 | O9: =O3+O4+O5+O7 -> 0 | P9: =P7+P5+P4+P3 -> 473 | Q9: =SUM(N9:P9) -> 473
A10: N-1 clients du au 1/01/14 Ht | E10: 2174.56 | F10: 2648.4
A11: TOTAL COMPTA + CLIENTS DUS N-1 | B11: =B9+B10 -> 0 | C11: =C9+C10 -> 0 | D11: =D9+D10 -> 0 | E11: =E9+E10 -> 2174.56 | F11: =F9+F10 -> 2648.4
A12: TVA au 4ième TRI | B12: =B7*20% -> -289.2 | C12: =C7*5.5% -> 0 | D12: =D7*10% -> -99.5 | E12: =E7*7% -> -144.3904 | F12: =F7*19.6% -> -458.44204 | I12: =SUM(B12:F12) -> -991.53244 | Q12: =SUM(N12:P12) -> 0
A13: TOTAL TVA 20% 10% 5,5% | B13: =SUM(B12:F12) -> -991.53244
B14: 1 trimestre | E14: 2 trimestre | H14: 3 trimestre | K14: 4 trimestre
B15: taxe due 20% | C15: =(B3*20%) -> 289.2 | E15: taxe due 20% | F15: =(B4*20%) -> 0 | H15: taxe due 20% | I15: =B5*20% -> 0 | K15: taxe due 20% | L15: =B7*20% -> -289.2
B16: taxe due 5,5% | C16: =(C3*5.5%) -> 0 | E16: taxe due 5,5% | F16: =(C4*5.5%) -> 0 | H16: taxe due 5,5% | I16: =C5*5.5% -> 0 | K16: taxe due 5,5% | L16: =C7*5.5% -> 0
B17: taxe due 10% | C17: =(D3*10%) -> 99.5 | E17: taxe due 10% | F17: =(D4*10%) -> 0 | H17: taxe due 10% | I17: =D5*10% -> 0 | K17: taxe due 10% | L17: =D7*10% -> -99.5
B18: taxe due 7% | C18: =(E3*7%) -> 144.3904 | E18: taxe due 7% | F18: =(E4*7%) -> 0 | H18: taxe due 7% | I18: =E5*7% -> 0 | K18: taxe due 7% | L18: =E7*7% -> -144.3904
B19: taxe due 19,6% | C19: =(F3*19.6%) -> 458.44204 | E19: taxe due 19,6% | F19: =(F4*19.6%) -> 0 | H19: taxe due 19,6% | I19: =F5*19.6% -> 0 | K19: taxe due 19,6% | L19: =F7*19.6% -> -458.44204
C20: =SUM(C15:C19) -> 991.53244 | F20: =SUM(F15:F19) -> 0 | I20: =SUM(I15:I19) -> 0 | L20: =SUM(L15:L19) -> -991.53244
F22: =SUM(C20+F20+I20+L20) -> 0
B24: TVA SUR ENCAISSEMENT
B25: SOLDE CLIENT DU
B26: TAUX 20% | C26: TAUX 5,5% | D26: TAUX 10% | E26: 0.07 | F26: 0.196 | G26: CEE | H26: TOTAL HT | I26: TVA COLLECTEE | J26: TTC
A27: CA 3 DES 4 TRIMESTRES | B27: =B6+B28 -> 1446 | C27: =C6+C28 -> 0 | D27: =D6+D28 -> 995 | E27: =E6+E28 -> 2062.72 | F27: =F6+F28 -> 2338.99
A28: CA3 4E TRI DECLARE
A29: TOTAL COMPTA + CLIENTS DUS N-1 | B29: =B11 -> 0 | C29: =C11 -> 0 | D29: =D11 -> 0 | E29: =E11 -> 2174.56 | F29: =F11 -> 2648.4 | G29: =G11 -> 0 | H29: =SUM(B29:G29) -> 4822.96
A30: HT CLIENTS DU au 31/12/14 | B30: =261+131.25+175.75+458.67+148.55 -> 1175.22 | D30: =390.88+2416 -> 2806.88 | F30: =115 -> 115 | H30: =SUM(B30:G30) -> 4097.1
A31: TVA CLIENTS DU au 31/12/14 | B31: =52.2+26.25+35.15+91.73+29.71 -> 235.04 | D31: =39.09+241.61 -> 280.7 | F31: =22.54 -> 22.54 | H31: =SUM(B31:G31) -> 538.28
A32: client 411 TTC (manuel) | B32: 4635 | J32: =H30+H31 -> 4635.38
A33: ecart compta HT | B33: =B29-B27 -> -1446 | C33: =C29-C27 -> 0 | D33: =D29-D27 -> -995 | E33: =E29-E27 -> 111.84 | F33: =F29-F27 -> 309.41 | H33: =SUM(B33:G33) -> -2019.75
G34: ecart | H34: =H30-H33 -> 6116.85
